 Dungeon Sprint DCSS version 0.18-a0-1797-gc18daef (webtiles) character file.

620 macross the Fighter (level 7, -7/64 HPs)
             Began as a Demonspawn Berserker on Apr 22, 2016.
             Mangled by Sonja
             ... wielding a +0 dagger of distortion
              (15 damage)
             ... in the Dungeon (Sprint I: "Red Sonja").
             The game lasted 00:02:55 (919 turns).

macross the Fighter (Demonspawn Berserker)           Turns: 919, Time: 00:02:56

Health: -7/64      AC: 11    Str: 20    XL:     7   Next: 22%
Magic:  0/7        EV: 10    Int:  8    God:    Xom [..*...]
Gold:   405        SH:  0    Dex: 12    Spells: 0 memorised, 6 levels left

rFire  . . .     SeeInvis .     a - +0 hand axe
rCold  + . .     Gourm    .     j - +1 chain mail {MR+}
rNeg   . . .     Faith    .     (no shield)
rPois  .         Spirit   +     (no helmet)
rElec  .         Dismiss  .     (no cloak)
rCorr  .         Reflect  .     (no gloves)
SustAt .         Harm     .     (no boots)
MR     +....     NoTele   +     (no amulet)
Stlth  ..........               (no ring)
                                (no ring)

@: lethally poisoned (-7 -> -16), slowed, very slow, somewhat resistant to
hostile enchantments, extremely unstealthy
A: cold resistance 1, magic shield, freezing cloud immunity
a: Renounce Religion


You were in the Dungeon.
You worshipped Xom.
You were a toy of Xom.
You were not hungry.

You visited 1 branch You collected 405 gold pieces.

Inventory:

Hand Weapons
 a - a +0 hand axe (weapon)
Armour
 b - a +0 animal skin
 j - a +1 chain mail of magic resistance (worn)
Scrolls
 c - a scroll of fear {unknown}
 i - a scroll of blinking
Potions
 d - 2 potions of curing
 e - a potion of heal wounds
 f - a potion of haste
 g - 2 potions of magic
 h - a potion of berserk rage


   Skills:
 + Level 9.5 Fighting
 + Level 9.3 Axes
 + Level 6.0 Armour
 + Level 5.5 Dodging


You had 6 spell levels left.
You didn't know any spells.

Dungeon Overview and Level Annotations

Branches:
Dungeon (1/1)

Altars:
Cheibriados
Dithmenos
Elyvilon
Fedhas
Gozag
Kikubaaqudgha
Makhleb
Nemelex Xobeh
Okawaru
Pakellas
Qazlal
Ru
Sif Muna
Trog
Vehumet
Xom
Yredelemnul
Zin
The Shining One
Jiyva

Shops:
D :

Annotations:
D Sonja


Innate Abilities, Weirdness & Mutations

Your flesh is cold resistant.
When hurt, damage is shared between your health and your magic reserves.
You are immune to freezing clouds.


Message History

Sonja wields an uncursed dagger of distortion.
Its appearance distorts for a moment.
Sonja barely misses you. Sonja hits you but does no damage.
Space bends around you. Sonja closely misses you.
Sonja hits you but does no damage. Space warps horribly around you!
Sonja hits you with an uncursed dagger of distortion.
Space warps horribly around you! Sonja hits you but does no damage.
You feel a strange sense of stasis.
You miss Sonja.
You feel sick. Sonja hits you but does no damage.
Space warps horribly around you!
* * * LOW HITPOINT WARNING * * *
Sonja hits you but does no damage. Sonja closely misses you. x3
Sonja hits you but does no damage.
You barely miss Sonja.
You feel sick. Sonja hits you but does no damage. Space bends around you.
* * * LOW HITPOINT WARNING * * *
Sonja closely misses you. Sonja hits you but does no damage.
Space warps horribly around you!
You die...
Xom chortles!

#..'..#..').#..'..'..#
#..#####'#####'#__####
#..####..#...#.####
#..#__####..##.#
#..#_.___##'#..+
#⌠⌠#_.∩...÷..._#
####_..._##_(#+#
#_____###(# #######
#@#


+$K$+ #$.$# ##.## #+# You could see Sonja.

Vanquished Creatures
  A slime creature (D)
  Sigmund (D)
  A yak (D)
  An ogre (D)
  A jelly (D)
  Ijyb (D)
6 creatures vanquished.

Notes
Turn   | Place    | Note
--------------------------------------------------------------
     0 | D        | macross the Demonspawn Berserker began the quest for the Orb.
     0 | D        | Reached XP level 1. HP: 18/18 MP: 1/1
     1 | D        | Noticed Ijyb
     6 | D        | Noticed an ogre
    14 | D        | Killed an ogre
    14 | D        | Reached skill level 5 in Fighting
    14 | D        | Reached skill level 5 in Axes
    14 | D        | Gained mutation: Your flesh is cold resistant. [demonic ancestry]
    14 | D        | Reached XP level 2. HP: 16/28 MP: 2/2
    14 | D        | Reached XP level 3. HP: 20/34 MP: 3/3
    14 | D        | Gained mutation: When hurt, damage is shared between your health and your magic reserves. [demonic ancestry]
    14 | D        | Reached XP level 4. HP: 24/40 MP: 4/4
    23 | D        | Killed Ijyb
    23 | D        | Reached ** piety under Trog
   208 | D        | Noticed Sigmund
   225 | D        | Killed Sigmund
   225 | D        | Reached XP level 5. HP: 25/49 MP: 3/5
   482 | D        | Found a snail-covered altar of Cheibriados.
   482 | D        | Found a viscous altar of Jiyva.
   482 | D        | Found a shadowy altar of Dithmenos.
   482 | D        | Found a blossoming altar of Fedhas.
   482 | D        | Noticed a slime creature
   493 | D        | Killed a slime creature
   493 | D        | Reached skill level 5 in Armour
   493 | D        | Reached skill level 5 in Dodging
   493 | D        | Reached XP level 6. HP: 36/58 MP: 2/6
   564 | D        | Found a deep blue altar of Sif Muna.
   566 | D        | Found a radiant altar of Vehumet.
   571 | D        | Reached *** piety under Trog
   580 | D        | Found Iduxari's Book Emporium.
   580 | D        | Found a white marble altar of Elyvilon.
   580 | D        | Found a stormy altar of Qazlal.
   580 | D        | Found a burning altar of Makhleb.
   580 | D        | Found a sacrificial altar of Ru.
   580 | D        | Found an oddly glowing altar of Pakellas.
   580 | D        | Found a basalt altar of Yredelemnul.
   580 | D        | Found a glowing golden altar of the Shining One.
   580 | D        | Found a sparkling altar of Nemelex Xobeh.
   580 | D        | Found a shimmering altar of Xom.
   580 | D        | Found an opulent altar of Gozag.
   580 | D        | Found an ancient bone altar of Kikubaaqudgha.
   580 | D        | Found a glowing silver altar of Zin.
   580 | D        | Noticed a yak
   581 | D        | Found an iron altar of Okawaru.
   598 | D        | Killed a yak
   598 | D        | Gained mutation: You are immune to freezing clouds. [demonic ancestry]
   598 | D        | Reached XP level 7. HP: 8/64 MP: 2/7
   893 | D        | Found a bloodstained altar of Trog.
   904 | D        | Fell from the grace of Trog
   904 | D        | Became a worshipper of Xom of Chaos
   915 | D        | Noticed Sonja
   916 | D        | XOM: potion effect (heal wounds)
   919 | D        | Mangled by Sonja

Vault maps used:
D:        dungeon_sprint_1

Skill      XL: |  1  2  3  4  5  6 |
---------------+-------------------+-----
Fighting       | 5 7 9 |  9.5
Axes           | 5 7 8 9 |  9.3
Armour         | 2 4 5 6 |  6.0
Dodging        | 3 4 5 |  5.5

Action                   |  1- 3 |  4- 6 |  7- 9 || total
-------------------------+-------+-------+-------++-------
Melee: Hand axe          |     7 |    55 |     2 ||    64
Invok: Berserk           |     1 |     1 |       ||     2
  Eat: Bread ration      |       |     1 |       ||     1
Armor: Animal skin       |     1 |       |       ||     1
       Chain mail        |       |    10 |     7 ||    17
Dodge: Dodged            |     6 |    12 |     6 ||    24
